 Dungeon Crawl Stone Soup version 0.20.0-4-g10b340a (webtiles) character file.

3381 joaoluisp the Basher (level 9, -8/82 HPs)
             Began as a Minotaur Berserker on May 27, 2017.
             Was a High Priest of Trog.
             Mangled by an orc warrior
             ... wielding a +2 flail of draining
              (18 damage)
             ... on level 7 of the Dungeon.
             The game lasted 00:15:28 (5453 turns).

joaoluisp the Basher (Minotaur Berserker)           Turns: 5453, Time: 00:15:28

Health: -8/82      AC: 12    Str: 21    XL:     9   Next: 74%
Magic:  8/8        EV: 10    Int:  4    God:    Trog [*****.]
Gold:   502        SH:  0    Dex: 14    Spells: 8/8 levels left

rFire    + . .     SeeInvis .   u - +4 morningstar (holy)
rCold    x . .     Gourm    .   (no shield)
rNeg     . . .     Faith    .   v - +1 chain mail
rPois    +         Spirit   .   (helmet restricted)
rElec    .         Reflect  .   (no cloak)
rCorr    .         Harm     .   t - +0 pair of gloves
MR       .....                  (no boots)
Stlth    ..........             C - amulet of magic regeneration
Regen    0.3/turn               z - ring of fire
MPRegen  0.2/turn               E - ring of poison resistance

@: berserk cooldown, heavily drained
A: retaliatory headbutt, horns 2
a: Berserk, Trog's Hand, Brothers in Arms, Burn Spellbooks, Renounce Religion


You were on level 7 of the Dungeon.
You worshipped Trog.
Trog was extremely pleased with you.
You were not hungry.

You visited 1 branch of the dungeon, and saw 8 of its levels.
You also visited: Sewer.

You collected 502 gold pieces.

Inventory:

Hand Weapons
 u - a +4 morningstar of holy wrath (weapon)
 B - a +2 antimagic great mace
Armour
 b - a +0 ring mail
 t - a +0 pair of gloves (worn)
 v - a +1 chain mail (worn)
 G - the +1 scale mail of the Desert {rPois rC- Str+3 Int+4}
   (You found it on level 6 of the Dungeon)

   It affects your strength (+3).
   It affects your intelligence (+4).
   It makes you vulnerable to cold.
   It protects you from poison.
Jewellery
 z - a ring of fire (left hand)
 C - an amulet of magic regeneration (around neck)
 E - a ring of poison resistance (right hand)
Wands
 k - a wand of paralysis (21/24)
Scrolls
 a - a scroll of enchant weapon
 e - 3 scrolls of magic mapping
 h - 6 scrolls of identify
 l - a scroll of blinking
 m - 5 scrolls of teleportation
 n - a scroll of random uselessness
 p - a scroll of remove curse
Potions
 d - 2 potions of curing {unknown}
 f - 2 potions of agility
 g - a potion of haste {unknown}
 j - 4 potions of brilliance {unknown}
 q - 4 potions of flight
 r - a potion of berserk rage
 w - a potion of ambrosia {unknown}
 x - a potion of degeneration {unknown}
 A - a potion of resistance {unknown}
 F - 2 potions of magic {unknown}
Comestibles
 c - 4 bread rations
 i - 3 royal jellies
 o - 7 fruits
 s - 5 meat rations
 D - 4 chunks of flesh


   Skills:
 * Level 8.7(7.0) Fighting
   Level 5.3(6.7) Axes
 + Level 10.0(8.8) Maces & Flails
 * Level 8.0(6.4) Armour
 * Level 5.9(4.4) Dodging
 - Level 0.1(0.0) Stealth


You had 8 spell levels left.
You didn't know any spells.

Dungeon Overview and Level Annotations

Branches:
Dungeon (8/15)             Temple (0/1) D:7
   Lair: D:8-11

Altars:
Dithmenos
Elyvilon
Hepliaklqana
Kikubaaqudgha
Yredelemnul


Innate Abilities, Weirdness & Mutations

You reflexively headbutt those who attack you in melee.
You have a pair of horns on your head.


Message History

The orc priest closely misses you. You furiously retaliate!
You headbutt the orc priest!
Your chain mail prevents you from hitting the orc priest.
The orc priest is almost dead.
The orc priest calls upon Beogh to heal the orc warrior.
The orc warrior is healed somewhat.
You hit the orc priest.
You kill the orc priest!
Trog accepts your kill.
Your base Armour skill increases to level 8!
The orc warrior hits you but does no damage.
You feel drained.
The orc warrior hits you with a flail of draining!
* * * LOW HITPOINT WARNING * * *
You feel drained.
Things that are here:
a dagger; a leather armour; an orc corpse Unknown command.
The orc warrior hits you with a flail of draining!!
You die...

###.#........#...#.# #.##
##.#...#.......##.# #.##
#..#......(.#.....###†#.
######..#............(.......
#........#...................
##.#####>...................#.
####..# #...#.........÷.....#.#.
#....#####.#.#....>..........#...
).#####....#...)@............###.
..((....####..[o.............####
..########....#..................
....###......###.....#.......#...
........#..#.###.................
.................##.#............
....#####.##.##.###.##...........
....# #...##.##.##..##.......#..#
....###.####.##.#............#...


You could see an orc warrior.

Vanquished Creatures
  Pikel (D:4)
  Joseph (D:7)
  A black bear (D:7)
  An ice beast (D:5)
  2 sky beasts
  A slave (D:4)
  2 phantoms
  5 ogres
  A centaur (D:6)
  Blork the orc (D:4)
  5 bullfrogs
  4 scorpions
  2 crimson imps
  A bullfrog zombie (D:6)
  A jelly (D:7)
  An orc wizard (D:4)
  2 orc priests
  A hound (D:4)
  An iguana (D:4)
  Jessica (D:3)
  Natasha (twice) (D:4)
  Terence (D:2)
  A merfolk siren (Sewer)
  3 worker ants
  A merfolk avatar (Sewer)
  2 hound zombies
  A hound skeleton (D:5)
  A worker ant zombie (D:6)
  7 gnolls
  9 adders
  13 river rats
  An ooze (D:1)
  An adder zombie (D:6)
  5 worms
  3 dart slugs
  7 leopard geckos
  13 orcs
  9 bats
  7 giant cockroaches
  11 goblins
  7 hobgoblins
  11 jackals
  8 kobolds
  7 quokkas
  4 ball pythons
  10 frilled lizards
  A giant cockroach zombie (D:5)
  2 leopard gecko skeletons
  A quokka skeleton (D:7)
  50 rats
234 creatures vanquished.

Vanquished Creatures (others)
  Natasha (D:4)
  A frilled lizard (D:4)
2 creatures vanquished.

Grand Total: 236 creatures vanquished

Notes
Turn   | Place    | Note
-------+----------+-------------------------------------------
     0 | D:1      | joaoluisp the Minotaur Berserker began the quest for the Orb.
     0 | D:1      | Reached XP level 1. HP: 19/19 MP: 0/0
   238 | D:1      | Reached XP level 2. HP: 20/27 MP: 1/1
   861 | D:1      | Reached XP level 3. HP: 31/34 MP: 2/2
  1000 | D:2      | Reached ** piety under Trog
  1125 | D:2      | Reached XP level 4. HP: 40/41 MP: 3/3
  1128 | D:2      | Reached skill level 5 in Axes
  1205 | D:2      | Noticed Terence
  1212 | D:2      | Killed Terence
  1332 | D:2      | Found a basalt altar of Yredelemnul.
  1526 | D:3      | Reached skill level 5 in Fighting
  1527 | D:3      | Reached XP level 5. HP: 48/48 MP: 4/4
  1766 | D:3      | Noticed Jessica
  1769 | D:3      | Killed Jessica
  1769 | D:3      | Reached skill level 1 in Maces & Flails
  1805 | D:3      | Reached *** piety under Trog
  1808 | D:3      | Reached skill level 2 in Maces & Flails
  2106 | D:4      | Reached XP level 6. HP: 53/56 MP: 5/5
  2109 | D:4      | Reached skill level 3 in Maces & Flails
  2190 | D:4      | Found a glowing drain.
  2206 | D:4      | Reached skill level 4 in Maces & Flails
  2214 | Sewer    | Entered a sewer
  2355 | Sewer    | Reached **** piety under Trog
  2421 | Sewer    | Reached XP level 7. HP: 59/62 MP: 6/6
  2434 | Sewer    | Reached skill level 5 in Maces & Flails
  2575 | D:4      | Found an ancient bone altar of Kikubaaqudgha.
  2576 | D:4      | Found a shadowy altar of Dithmenos.
  2576 | D:4      | Found a white marble altar of Elyvilon.
  2577 | D:4      | Found a hazy altar of Hepliaklqana.
  2646 | D:4      | Noticed Blork the orc
  2654 | D:4      | Killed Blork the orc
  2855 | D:4      | Noticed Natasha
  2859 | D:4      | Killed Natasha
  2953 | D:4      | Noticed Pikel
  2963 | D:4      | Killed Pikel
  2963 | D:4      | Reached skill level 6 in Maces & Flails
  2963 | D:4      | Reached skill level 5 in Armour
  2963 | D:4      | Reached XP level 8. HP: 71/71 MP: 7/7
  3105 | D:4      | Noticed Natasha
  3113 | D:4      | Killed Natasha
  3152 | D:4      | Killed Natasha
  3330 | D:5      | Entered Level 5 of the Dungeon
  3340 | D:5      | Reached skill level 7 in Maces & Flails
  3396 | D:5      | Reached ***** piety under Trog
  3846 | D:5      | Reached skill level 8 in Maces & Flails
  4089 | D:5      | Reached skill level 5 in Dodging
  4387 | D:6      | Reached XP level 9. HP: 79/79 MP: 8/8
  4463 | D:6      | Received a gift from Trog
  4738 | D:6      | Got a shimmering scale mail
  4749 | D:6      | Identified the cursed +1 scale mail of the Desert {rPois rC- Str+3 Int+4} (You found it on level 6 of the Dungeon)
  5013 | D:6      | Reached skill level 9 in Maces & Flails
  5133 | D:6      | You fall through a shaft for 2 floors!
  5260 | D:7      | Found a staircase to the Ecumenical Temple.
  5394 | D:7      | Noticed Joseph
  5409 | D:7      | Killed Joseph
  5409 | D:7      | Reached skill level 10 in Maces & Flails
  5453 | D:7      | Mangled by an orc warrior

Skill      XL: |  1  2  3  4  5  6  7  8  9 |
---------------+----------------------------+-----
Fighting       | 4 5 6 7 8 |  8.7
Axes           | 4 5 |  5.3
Dodging        | 3 4 5 |  5.9
Maces & Flails | 2 4 6 8 10 | 10.0
Armour         | 3 5 7 8 |  8.0
Stealth        | |  0.1

Action                   |  1- 3 |  4- 6 |  7- 9 || total
-------------------------+-------+-------+-------++-------
Melee: Hand axe          |    81 |     9 |       ||    90
       Headbutt          |    12 |    24 |    34 ||    70
       Morningstar       |       |   177 |   252 ||   429
Invok: Berserk           |     1 |     2 |     4 ||     7
  Use: Scroll            |       |     9 |     6 ||    15
       Potion            |       |     1 |     1 ||     2
 Stab: Sleeping          |       |     1 |       ||     1
  Eat: Chunk             |       |     6 |     5 ||    11
       Bread ration      |       |     1 |     2 ||     3
Armor: Animal skin       |    13 |     1 |       ||    14
       Chain mail        |       |   119 |   118 ||   237
Dodge: Dodged            |    55 |   114 |   116 ||   285
